 Crawl Stoat Soup version 0.23-ish-327-104-g30f0781d17 (console) character file.

1577 hilarita the Frost Mage (level 8, -2/54 HPs)
             Began as a Faerie Dragon Ice Elementalist on Apr 19, 2024.
             Slain by an unseen horror (8 damage)
             ... on level 6 of the Dungeon.
             The game lasted 00:17:00 (5362 turns).

hilarita the Frost Mage (FDIE)                      Turns: 5362, Time: 00:17:00

Health: -2/54      AC:  8    Str:  6    XL:     8   Next: 91%
Magic:  24/24      EV: 14    Int: 21    God:
Gold:   263        SH:  6    Dex: 13    Spells: 3/17 levels left

rFire    . . .     SeeInvis .   r - +4 quarterstaff (chaos)
rCold    . . .     Gourm    .   (shield currently unavailable)
rNeg     . . .     Faith    .   (armour unavailable)
rPois    .         Spirit   .   (helmet restricted)
rElec    .         Warding  .   s - +1 cloak {MR+}
rCorr    +         Reflect  .   (no gloves)
MR       +....     Harm     .   (no boots)
Stlth    +.........             t - amulet of the acrobat
HPRegen  0.18/turn              c - ring of resist corrosion
MPRegen  0.19/turn              x - ring of magical power

@: flying
A: small, sparkly, unfitting armour, magic attunement, magical scales, able to
fly
a: Stop Flying


You were on level 6 of the Dungeon.
You were not hungry.

You visited 1 branch of the dungeon, and saw 6 of its levels.

You collected 263 gold pieces.

Inventory:

Hand Weapons
 q - a +2 mace of crushing
 r - a +4 quarterstaff of chaos (weapon)
Missiles
 a - 207 stones (quivered)
 h - 19 arrows
Armour
 s - a +1 cloak of magic resistance (worn)
Jewellery
 c - a ring of resist corrosion (left hand)
 d - an uncursed amulet of faith
 t - an amulet of the acrobat (around neck)
 x - a ring of magical power (right hand)
Wands
 e - a wand of random effects (13 charges)
 j - a wand of clouds (8 charges)
Scrolls
 k - 3 scrolls of teleportation
 l - 3 scrolls of remove curse
 n - 2 scrolls of fog
 o - 3 scrolls of amnesia
Potions
 i - a potion of flight
 m - a potion of might {unknown}
 u - 2 potions of mutation {unknown}
 v - a potion of resistance {unknown}
 w - 4 potions of cancellation
Comestibles
 b - 5 bread rations
 f - 7 meat rations
 p - 7 fruits
 z - 3 chunks of flesh


   Skills:
 + Level 3.7 Fighting
 - Level 2.1 Dodging
 - Level 1.2 Stealth
   Level 0.6 Shields
 + Level 5.1 Spellcasting
 + Level 4.8 Conjurations
 - Level 3.0 Charms
 + Level 3.2 Summonings
 * Level 8.3 Ice Magic


You had 3 spell levels left.
You knew the following spells:

 Your Spells              Type           Power        Failure   Level  Hunger
a - Freeze                Ice            25/25        1%          1    None
b - Throw Frost           Conj/Ice       33/50        1%          2    None
c - Ozocubu's Armour      Chrm/Ice       29/100       3%          3    None
d - Summon Ice Beast      Ice/Summ       29/100       10%         4    None
e - Throw Icicle          Conj/Ice       33/100       7%          4    None

Your spell library contained the following spells:

 Spells                   Type           Power        Failure   Level  Hunger


Dungeon Overview and Level Annotations

Branches:
Dungeon (6/15)
 Temple: D:4-7

Altars:
Ashenzari
Hepliaklqana
Uskayaw


Innate Abilities, Weirdness & Mutations

Your sparkly wings attract attention (Stealth-).
You are small and have problems with some larger weapons.
You cannot fit into any form of body armour.
Your spells do not cause hunger; their MP costs are reduced by 1.
Your shimmering scales repel attacks (AC +6, SH +6).
You can fly continuously.


Message History

Something hits you but does no damage. Something closely misses you.
Casting: Freeze (safe; 1% risk of failure)
Confirm with . or Enter, or press ? or * to list all spells.
Aiming: Freeze (safe; 1% risk of failure)
Press: ? - help, Shift-Dir - straight line You freeze something.
Something hits you but does no damage. Something closely misses you.
Casting: Freeze (safe; 1% risk of failure)
Confirm with . or Enter, or press ? or * to list all spells.
Aiming: Freeze (safe; 1% risk of failure)
Press: ? - help, Shift-Dir - straight line You freeze something.
Something hits you. Something hits you!
* * * LOW HITPOINT WARNING * * *
You feel much better. Something hits you but does no damage.
Something closely misses you. Something hits you.
You barely miss something. Something hits you! Something hits you. x2
You closely miss something. Something hits you!
* * * LOW HITPOINT WARNING * * *
Something hits you but does no damage. Something hits you!
You die...

###
##[#
#..#
#..#
#.<#
#..#
#..#
#..####
#.....#
##.##.#
#@##.#
#.##.#
#.##.#
#.##.#
#.##.#
#....#
.....#
.....#
###..#
#..#
#..#


There were no monsters in sight!

Vanquished Creatures
  Grinder (D:3)
  Sigmund (D:3)
  Edmund (D:5)
  2 ice beasts
  An ogre (D:5)
  A phantom (D:5)
  A scorpion (D:4)
  A bullfrog zombie (D:5)
  2 orc priests (D:3)
  4 hounds
  Crazy Yiuf (D:2)
  2 jellies (D:5)
  Ijyb (D:5)
  Terence (D:3)
  A worker ant (D:5)
  2 iguanas
  Natasha (thrice) (D:3)
  2 worker ant zombies (D:5)
  4 gnolls (D:4)
  7 adders
  An ufetubus (D:5)
  2 oozes
  An adder skeleton (D:4)
  4 worms
  4 dart slugs
  3 leopard geckos
  9 orcs (D:3)
  3 giant cockroaches
  2 goblins
  7 hobgoblins
  8 jackals
  5 kobolds
  3 weasels (D:4)
  7 bats
  6 frilled lizards
  4 rats
  2 toadstools (D:1)
110 creatures vanquished.

Vanquished Creatures (others)
  2 toadstools (D:1)
2 creatures vanquished.

Grand Total: 112 creatures vanquished

Notes
Turn   | Place    | Note
-------+----------+-------------------------------------------
     0 | D:1      | hilarita the Faerie Dragon Ice Elementalist began the quest
                  | for the Orb.
     0 | D:1      | Reached XP level 1. HP: 11/11 MP: 3/3
   206 | D:1      | Reached XP level 2. HP: 18/18 MP: 5/5
   299 | D:1      | Reached skill level 4 in Ice Magic
   709 | D:1      | Learned a level 2 spell: Throw Frost
   934 | D:2      | Reached XP level 3. HP: 21/22 MP: 7/7
   939 | D:2      | Learned a level 3 spell: Ozocubu's Armour
  1072 | D:2      | Reached skill level 1 in Fighting
  1221 | D:2      | Found a runed door.
  1587 | D:2      | Reached skill level 1 in Charms
  1587 | D:2      | Reached XP level 4. HP: 28/28 MP: 6/8
  1655 | D:2      | Noticed Crazy Yiuf
  1661 | D:2      | Killed Crazy Yiuf
  1807 | D:3      | Found a hazy altar of Hepliaklqana.
  1816 | D:3      | Noticed Grinder
  1822 | D:3      | Paralysed by Grinder for 4 turns
  1834 | D:3      | Killed Grinder
  1834 | D:3      | Reached skill level 5 in Ice Magic
  1834 | D:3      | Reached XP level 5. HP: 22/34 MP: 8/10
  1834 | D:3      | Reached XP level 6. HP: 25/39 MP: 8/11
  1850 | D:3      | Learned a level 4 spell: Summon Ice Beast
  2022 | D:3      | Noticed Terence
  2022 | D:3      | Noticed Sigmund
  2044 | D:3      | Killed Sigmund
  2044 | D:3      | Reached XP level 7. HP: 8/45 MP: 10/12
  2051 | D:3      | Killed Terence
  2077 | D:3      | Noticed Natasha
  2135 | D:3      | HP: 2/45 [ice beast (6)]
  2144 | D:3      | Reached skill level 1 in Summonings
  2144 | D:3      | Reached skill level 6 in Ice Magic
  2166 | D:3      | Killed Natasha
  2343 | D:3      | Noticed Natasha
  2349 | D:3      | Killed Natasha
  2469 | D:3      | Noticed Natasha
  2475 | D:3      | Killed Natasha
  2545 | D:3      | Learned a level 4 spell: Throw Icicle
  2692 | D:3      | Found a hide-covered altar of Uskayaw.
  3094 | D:4      | Found a shattered altar of Ashenzari.
  3415 | D:4      | Reached XP level 8. HP: 48/51 MP: 14/14
  3639 | D:4      | Reached skill level 7 in Ice Magic
  4139 | D:5      | Entered Level 5 of the Dungeon
  4152 | D:5      | Noticed Ijyb
  4158 | D:5      | Killed Ijyb
  5034 | D:5      | Noticed Edmund
  5052 | D:5      | Killed Edmund
  5052 | D:5      | Reached skill level 5 in Spellcasting
  5052 | D:5      | Reached skill level 8 in Ice Magic
  5352 | D:6      | HP: 2/54 [something (6)]
  5362 | D:6      | Slain by an unseen horror

Vault maps used:
D:1:      ldierk_water_garden, kennysheep_nondescript
D:2:      uniq_crazy_yiuf_cottage
D:3:      lemuel_doored_altar, overflow_temple_1_default, grunt_ministairs_1,
          uniq_terence, uniq_grinder, uniq_sigmund, uniq_natasha
D:4:      nicolae_ashenzari_panopticon, first_bread
D:5:      minmay_diamond_boxcup, uniq_ijyb, uniq_edmund
D:6:      chequers_temple_overflow_minitemple,
          minmay_temple_entry_gardened_gates, nicolae_for_you_no_charge

Skill      XL: |  1  2  3  4  5  6  7  8 |
---------------+-------------------------+-----
Ice Magic      | 4 5 6 8 |  8.3
Fighting       | 1 2 3 |  3.7
Charms         | 1 2 3 |  3.0
Spellcasting   | 3 4 5 |  5.1
Conjurations   | 2 3 4 |  4.8
Summonings     | 2 3 |  3.2
Dodging        | |  2.1
Stealth        | |  1.2
Shields        | |  0.6

Action                   |  1- 3 |  4- 6 |  7- 9 || total
-------------------------+-------+-------+-------++-------
Melee: Unarmed           |     9 |       |       ||     9
       Quarterstaff      |       |     9 |    70 ||    79
Throw: Stone             |       |       |     1 ||     1
 Cast: Freeze            |    51 |    27 |   141 ||   219
       Throw Frost       |     1 |     1 |    15 ||    17
       Ozocubu's Armour  |       |     3 |     5 ||     8
  Use: Scroll            |     6 |       |     4 ||    10
       Potion            |       |     3 |     4 ||     7
  Eat: Chunk             |     2 |     1 |    10 ||    13
       Fruit             |       |       |     1 ||     1
Armor: Skin              |     7 |     8 |    60 ||    75
Dodge: Dodged            |    19 |    10 |   111 ||   140
Block: Other             |     2 |     5 |    55 ||    62
       Buckler           |    19 |     2 |       ||    21

Table legend:
 A = Spawn XP
 B = Non-spawn XP
 C = Spawn XP percentage of total XP
 D = Spawn monster count
 E = Non-spawn monster count
 F = Spawn count percentage of total count
 G = Total turns spent on level
                    A         B        C        D         E        F      G
               +---------+---------+-------+---------+---------+-------+---------
         Total |     272 |    1981 |  12.1 |      23 |      85 |  21.3 |  5362
               +---------+---------+-------+---------+---------+-------+---------
           D:1 |       8 |      21 |  27.6 |       4 |      11 |  26.7 |   879
           D:2 |      37 |      73 |  33.6 |       6 |      16 |  27.3 |   892
           D:3 |      58 |     846 |   6.4 |       6 |      29 |  17.1 |  1273
           D:4 |     169 |     218 |  43.7 |       7 |      10 |  41.2 |  1095
           D:5 |       0 |     779 |   0.0 |       0 |      17 |   0.0 |  1149
           D:6 |       0 |      44 |   0.0 |       0 |       2 |   0.0 |    74
               +---------+---------+-------+---------+---------+-------+---------
